 Dungeon Crawl Stone Soup version 0.29-a0-732-g3d7fbe0af2 (webtiles) character file.

Game seed: 3152904006493546694

2314 purpskrrrp the Skirmisher (level 9, -1/54 HPs)
             Began as a Kobold Hunter on June 30, 2022.
             Was an Initiate of Gozag.
             Succumbed to a killer bee's poison
             ... on level 7 of the Dungeon.
             The game lasted 00:41:08 (7684 turns).

purpskrrrp the Skirmisher (Kobold Hunter)           Turns: 7684, Time: 00:41:08

Health: -1/54      AC:  4    Str: 10    XL:     9   Next: 68%
Magic:  9/9        EV: 16    Int: 10    God:    Gozag
Gold:   272        SH:  0    Dex: 33    Spells: 8/8 levels left

rFire   . . .      SeeInvis .   a - +0 shortbow (freeze)
rCold   . . .      Faith    .   (shield currently unavailable)
rNeg    . . .      Spirit   .   c - +0 leather armour
rPois   .          Reflect  .   (no helmet)
rElec   .          Harm     .   (no cloak)
rCorr   .          Rampage  .   (no gloves)
Will    .....                   p - +0 pair of boots
Stlth   ++++......              (no amulet)
HPRegen 0.18/turn               l - +6 ring of dexterity
MPRegen 0.11/turn               B - +6 ring of dexterity

@: lethally poisoned (-1 -> -25)
A: small, no large weapons, nightstalker 3
a: Renounce Religion, Potion Petition, Call Merchant, Bribe Branch


You were on level 7 of the Dungeon.
You worshipped Gozag.
Gozag was aware of your devotion.
You visited 2 branches of the dungeon, and saw 9 of its levels.

You collected 346 gold pieces.
You paid 74 gold pieces to Gozag.

Inventory:

Hand Weapons
 a - a +0 shortbow of freezing (weapon)
 h - a +1 rapier of draining
 m - a +2 war axe of electrocution
 A - a +2 flail of holy wrath
 D - a +2 whip of pain
Missiles
 u - 4 javelins
Armour
 c - a +0 leather armour (worn)
 n - a +0 plate armour
 p - a +0 pair of boots (worn)
 r - a +0 scale mail
Magical Staves
 f - a staff of fire
Jewellery
 l - a +6 ring of dexterity (left hand)
 o - a ring of magical power
 B - a +6 ring of dexterity (right hand)
 I - a ring of protection from cold
Wands
 s - a wand of polymorph (8)
 y - a wand of iceblast (2)
 C - a wand of light (2)
 K - a wand of flame (23)
Scrolls
 b - a scroll of immolation
 g - 2 scrolls of teleportation
 q - a scroll of identify
 x - 2 scrolls of poison
 E - a scroll of fear {unknown}
 F - a scroll of enchant armour {unknown}
 G - a scroll of magic mapping {unknown}
 H - a scroll of vulnerability {unknown}
 J - a scroll of acquirement {unknown}
Potions
 e - a potion of lignification
 i - a potion of mutation {unknown}
 j - a potion of resistance {unknown}
 k - a potion of might {unknown}
 t - a potion of haste {unknown}
 v - a potion of heal wounds {unknown}
 w - 2 potions of brilliance
 z - a potion of attraction {unknown}


   Skills:
 + Level 5.0 Fighting
 * Level 14.6 Ranged Weapons
 + Level 2.9 Armour
 - Level 2.5 Dodging
 - Level 1.3 Stealth
 + Level 1.7 Evocations


You had 8 spell levels left.
You didn't know any spells.
Your spell library contained the following spells:

 Spells                   Type           Power      Damage    Failure   Level
 Necrotize                Necr           0%         1d4       45%         1
 Summon Small Mammal      Summ           0%         N/A       45%         1
 Blink                    Tloc           0%         N/A       58%         2
 Call Canine Familiar     Summ           0%         N/A       83%         3
 Lesser Beckoning         Tloc           0%         N/A       83%         3
 Summon Guardian Golem    Hex/Summ       0%         N/A       83%         3
 Vampiric Draining        Necr           0%         2d6       83%         3
 Cause Fear               Hex            0%         N/A       99%         4
 Agony                    Necr           0%         N/A       100%        5
 Manifold Assault         Tloc           0%         N/A       100%        5
 Dragon Form              Tmut           0%         N/A       100%        7
 Dragon's Call            Summ           0%         N/A       100%        9


Dungeon Overview and Level Annotations

Branches:
Dungeon (8/15)             Temple (1/1) D:6
   Lair: D:8-11

Altars:
Ashenzari
Cheibriados
Dithmenos
Elyvilon
Fedhas
Gozag
Hepliaklqana
Makhleb
Nemelex Xobeh
Qazlal
Ru
Sif Muna
Trog
Uskayaw
Vehumet
Wu Jian
Xom
Yredelemnul
Zin
The Shining One


Innate Abilities, Weirdness & Mutations

You are small and have problems with some larger weapons.
You are completely attuned to the shadows.


Message History

The killer bee closely misses you. The killer bee stings you.
The killer bee attacks as you move away!
The killer bee completely misses you.
You feel sick. The killer bee misses you.
The killer bee attacks as you move away!
The killer bee closely misses you.
You feel sick. The killer bee stings you.
The killer bee attacks as you move away!
The killer bee misses you.
You feel sick. The killer bee completely misses you.
The killer bee attacks as you move away!
The killer bee stings you.
You are more poisoned.
The killer bee poisons you!
You feel sick. The killer bee stings you.
You are more poisoned.
The killer bee poisons you! The killer bee closely misses you.
There is a stone staircase leading up here.
Fire: a) +0 shortbow (freeze)
Press: ? - help, Q - select action, (/) - cycle Shift-Dir - straight line, f/p - killer bee
Aim: a killer bee (almost dead)
You shoot an arrow. The arrow misses the killer bee.
You feel very sick. The killer bee stings you.
You are lethally poisoned!
The killer bee poisons you! The killer bee barely misses you. x2
The killer bee stings you.
You are more poisoned.
The killer bee poisons you!
Fire: a) +0 shortbow (freeze)
Press: ? - help, Q - select action, (/) - cycle Shift-Dir - straight line, f/p - killer bee
Aim: a killer bee (almost dead)
You shoot an arrow.
The arrow closely misses the killer bee.
* * * LOW HITPOINT WARNING * * *
You feel extremely sick. The killer bee closely misses you. x2
Blink to where?
Press: ? - help, Q - select action, (/) - cycle Dir - move target, p - killer bee
As you read the scroll of blinking, it crumbles to dust.
* * * LOW HITPOINT WARNING * * *
You feel very sick.
You die...
Your body crumbles into a pile of gold.

#[###
#...#####
###......
#.....##
#..<..# #K
#.....## ...
#.<....##K#
#....yy#..#.
######.@..>.
#....#.
........
.....###.
####.#


You could see 2 killer bees and 2 kobolds.

Vanquished Creatures
  The ghost of Patoropollo the Trooper, a novice HOFi of Beogh (D:5)
  Sigmund (D:6)
  A steam dragon (D:6)
  A sky beast (D:6)
  An ogre (D:5)
  3 centaurs
  2 phantoms
  2 bullfrogs
  2 scorpions
  3 necrophages
  A wyvern skeleton (D:5)
  A howler monkey (D:7)
  2 hounds
  A jelly (D:5)
  3 orc priests
  A gnoll shaman (D:7)
  Crazy Yiuf (D:6)
  A bullfrog skeleton (D:5)
  2 iguanas (D:5)
  Ijyb (D:5)
  3 orc wizards
  A howler monkey zombie (D:5)
  9 gnolls
  4 adders
  A white imp (D:5)
  A worm (D:4)
  2 dart slugs
  11 orcs
  5 ball pythons
  4 bats (D:1)
  6 endoplasms
  5 giant cockroaches
  7 goblins
  9 hobgoblins
  11 jackals
  9 quokkas
  6 frilled lizards
  7 kobolds
  6 rats
138 creatures vanquished.

Notes
Turn   | Place    | Note
-------+----------+-------------------------------------------
     0 | D:1      | purpskrrrp the Kobold Hunter began the quest for the Orb.
     0 | D:1      | Reached XP level 1. HP: 12/12 MP: 1/1
    83 | D:1      | Reached XP level 2. HP: 17/17 MP: 2/2
   150 | D:1      | Reached skill level 6 in Ranged Weapons
   204 | D:1      | Reached XP level 3. HP: 22/22 MP: 3/3
  1081 | D:2      | Reached XP level 4. HP: 22/27 MP: 4/4
  1971 | D:2      | Reached skill level 7 in Ranged Weapons
  2883 | D:4      | Reached XP level 5. HP: 31/31 MP: 5/5
  2945 | D:4      | Reached skill level 1 in Armour
  2949 | D:4      | Reached skill level 8 in Ranged Weapons
  3210 | D:4      | Reached XP level 6. HP: 36/36 MP: 6/6
  3676 | D:4      | Reached skill level 9 in Ranged Weapons
  3973 | D:5      | Entered Level 5 of the Dungeon
  4022 | D:5      | Found a transporter.
  4022 | D:5      | Found a transporter.
  4022 | D:5      | Noticed Patoropollo's ghost (novice HOFi)
  4133 | D:5      | Noticed an ogre
  4141 | D:5      | Reached XP level 7. HP: 41/41 MP: 7/7
  4146 | D:5      | Reached skill level 10 in Ranged Weapons
  4488 | D:5      | Reached skill level 11 in Ranged Weapons
  4488 | D:5      | Reached XP level 8. HP: 43/46 MP: 8/8
  4625 | D:5      | Noticed Ijyb
  4637 | D:5      | Killed Ijyb
  5047 | D:5      | Killed Patoropollo's ghost
  5048 | D:5      | Reached skill level 12 in Ranged Weapons
  5346 | D:6      | Noticed Sigmund
  5353 | D:6      | Killed Sigmund
  5354 | D:6      | Reached skill level 13 in Ranged Weapons
  5354 | D:6      | Reached XP level 9. HP: 27/52 MP: 9/9
  5355 | D:6      | Reached skill level 1 in Evocations
  5736 | D:6      | Found a staircase to the Ecumenical Temple.
  5953 | D:6      | Found a runed translucent door.
  5956 | D:6      | Noticed Crazy Yiuf
  5983 | D:6      | Reached skill level 14 in Ranged Weapons
  6323 | D:6      | Found a shadowy altar of Dithmenos.
  6413 | D:6      | Killed Crazy Yiuf
  6580 | Temple   | Entered the Ecumenical Temple
  6980 | Temple   | Became a worshipper of Gozag Ym Sagoz the Greedy
  7580 | D:7      | Reached skill level 5 in Fighting
  7684 | D:7      | Succumbed to a killer bee's poison

Illustrated notes

Levels and vault maps discovered:
D:1:      ncdulo_watergridlock, layout_loops_ring, minmay_misc_feat_columns,
          grunt_decor_resistance
D:2:      layout_basic, minmay_pentomino_z2
D:3:      layout_basic
D:4:      layout_cave_pods
D:5:      layout_loops_cross, gammafunk_ghost_mausoleum, uniq_ijyb
D:6:      layout_basic, lemuel_coloured_pillars_altar,
          minmay_temple_entry_waves, uniq_crazy_yiuf_cottage, uniq_sigmund
D:7:      layout_rooms
D:8:      layout_loops_ring, amcnicky_altar_gilded, minmay_door_square,
          kennysheep_opposing_triangles, uniq_maggie, uniq_maurice, uniq_grum
Temple:   compressed_dpeg_triangle_lava_temple

Skill      XL: |  1  2  3  4  5  6  7  8  9 |
---------------+----------------------------+-----
Ranged Weapons | 6 7 8 9 11 13 14 | 14.6
Armour         | 1 2 |  2.9
Fighting       | 3 4 5 |  5.0
Evocations     | 1 |  1.7
Dodging        | |  2.5
Stealth        | |  1.3

Action                   |  1- 3 |  4- 6 |  7- 9 || total
-------------------------+-------+-------+-------++-------
 Fire: Shortbow          |    65 |   127 |   194 ||   386
Evoke: Wand              |       |       |    10 ||    10
  Use: Scroll            |     4 |     5 |     4 ||    13
       Potion            |       |       |     3 ||     3
Armor: Leather armour    |     4 |     4 |    10 ||    18
Dodge: Dodged            |    17 |    29 |    78 ||   124

Table legend: (Time is in decaauts)
 A = Elapsed time spent in this place.
 B = Non-inter-level travel time spent in this place.
 C = Inter-level travel time spent in this place.
 D = Time resting spent in this place.
 E = Time spent auto-exploring this place.
 F = Levels seen in this place.
 G = Mean time per level.
                   A        B        C        D        E       F      G
               +--------+--------+--------+--------+--------+-----+--------+
         Total |   7706 |   6650 |   1056 |   1027 |   4738 |   9 |  856.2 |
       Dungeon |   7286 |   6378 |    908 |   1027 |   4486 |   8 |  910.8 |
        Temple |    419 |    271 |    148 |      0 |    252 |   1 |  419.0 |
               +--------+--------+--------+--------+--------+-----+--------+

Top non-repeatable levels by time:
     D:6: 1454 daAuts
     D:2: 1362 daAuts
     D:5: 1316 daAuts
     D:4: 1106 daAuts
     D:1: 908 daAuts
     D:3: 631 daAuts
  Temple: 419 daAuts
     D:8: 336 daAuts
     D:7: 170 daAuts
